AoeStats
← Tellez_1001

Oasis

509498265Analyzed
2v2 RM · 4d ago on Sep 27, 2026· 35m 8s· 4 players
Game mode
Random Map
Map size
Medium (4 player)
Population
200
Speed
Normal
Resources
Standard
Victory
Conquest
Starting age
Dark Age
Ending age
Imperial Age
RankedLock teamsTeams togetherTeam positionsShared explorationLock speedFull tech treeHidden civsTurbo modeCheats
Victory
Defeat
🇦🇷 Italians · Argentina
1172
+17
🇬🇧 Persians · United Kingdom
1145
+18
🇨🇴 Magyars · Colombia
1264
-21
🇨🇴 Mongols · Colombia
1114
-14
Bubbs
2:52 Loom
frankocat
6:53 Loom
9:13 Feudal Age
10:26 Double-Bit Axe
13:26 Town Watch
19:22 Fletching
22:02 Horse Collar
24:01 Padded Archer Armor
28:30 Castle Age
26:44 Forging
27:24 Scale Barding Armor
28:33 Bloodlines
29:28 Bow Saw
29:32 Husbandry
29:56 Chain Barding Armor
33:47 Iron Casting
35:34 Wheelbarrow
35:00 Town Patrol
Tellez_1001
4:38 Loom
6:50 Loom
9:29 Feudal Age
10:15 Double-Bit Axe
10:08 Man-at-Arms
10:46 Town Watch
16:09 Padded Archer Armor
17:39 Fletching
25:56 Castle Age
28:22 Castle Age
Nando0215
6:50 Loom
12:03 Feudal Age
32:11 Castle Age
34:25 Husbandry
Connection lost

Rejoining the realm…

Still unreachable

The connection could not be restored.

Session expired

The server has moved on; the page needs a fresh start.